 Dungeon Crawl Stone Soup version 0.26.1-11-gd32895ea62 (webtiles) character file.

Game seed: 1227089108808665732

126 Zeld the Slasher (level 4, -8/38 HPs)
             Began as a Draconian Delver on June 6, 2021.
             Mangled by Pikel
             ... wielding a +2 whip of electrocution
              (19 damage)
             ... on level 4 of the Dungeon.
             The game lasted 00:01:07 (1205 turns).

Zeld the Slasher (Draconian Delver)                 Turns: 1205, Time: 00:01:07

Health: -8/38      AC:  6    Str: 15    XL:     4   Next: 83%
Magic:  4/4        EV: 12    Int: 10    God:
Gold:   51         SH:  0    Dex: 13    Spells: 3/3 levels left

rFire    . . .     SeeInvis .   a - +0 falchion
rCold    . . .     Faith    .   (no shield)
rNeg     . . .     Spirit   .   (armour unavailable)
rPois    .         Reflect  .   (helmet restricted)
rElec    .         Harm     .   (no cloak)
rCorr    .         Rampage  .   i - +0 pair of gloves (curse)
Will     .....                  (no boots)
Stlth    +++.......             (no amulet)
HPRegen  0.12/turn              (no ring)
MPRegen  0.09/turn              (no ring)

@: no status effects
A: unfitting armour, cold-blooded, AC +5
a: no special abilities


You were on level 4 of the Dungeon.
You visited 1 branch of the dungeon, and saw 2 of its levels.

You collected 51 gold pieces.

Inventory:

Hand Weapons
 a - a +0 falchion (weapon)
Armour
 i - a cursed +0 pair of gloves (worn)
Wands
 f - a wand of digging (3)
 j - a wand of paralysis (6)
Scrolls
 b - a scroll of fog
 c - a scroll of magic mapping
 d - a scroll of fear
 g - 2 scrolls of identify {unknown}
Potions
 e - a potion of haste
 h - a potion of mutation {unknown}


   Skills:
 - Level 3.2 Fighting
 * Level 5.1 Long Blades
 - Level 1.7 Dodging
 - Level 4.5 Stealth


You had 3 spell levels left.
You didn't know any spells.
Your spell library was empty.

Dungeon Overview and Level Annotations

Branches:
Dungeon (5/15)             Temple (0/1) D:4

Altars:
Elyvilon
Wu Jian

Shops:
D:5 :

Annotations:
D:4 Pikel


Innate Abilities, Weirdness & Mutations

Your plain brown scales are hard. (AC +5)
You cannot fit into any form of body armour.
You are cold-blooded and may be slowed by cold attacks.


Message History

You are electrocuted!
* * * LOW HITPOINT WARNING * * *
You are too injured to fight recklessly!
You are too injured to fight recklessly!
You are too injured to fight recklessly!
Pikel says, "Hell isn't that bad."
Found a stone staircase leading up.
Found 5 boomerangs.
Found 9 gold pieces.
Found 21 stones.
You see here 21 stones.
Found a black potion.
Pikel closely misses you.
Found a staircase to the Ecumenical Temple.
There is a staircase to the Ecumenical Temple here.
Pikel hits you with a +2 whip of electrocution.
* * * LOW HITPOINT WARNING * * *
You are electrocuted!!
Ouch! That really hurt!
You die...

#### #################
...# #...............#
...# #.#############.#
...#####.# #.#
.........#############.#
.##########.....!...##.#
.# #.##......##.# .#
#.##.K....##.# .#
#.##..@§...#># .###
#.##.§§§.....# ...#
#.##.....#.#.# .#.#
#(#######.##.#
.#.########.# ####.#
............# #..
......####### #.<
##.##.# #.. ...##.#


You could see Pikel.

Vanquished Creatures
  A bullfrog zombie (D:5)
  A hound (D:5)
  An orc priest (D:5)
  An orc wizard (D:5)
  3 orcs (D:5)
  A giant cockroach (D:5)
8 creatures vanquished.

Notes
Turn   | Place    | Note
-------+----------+-------------------------------------------
     0 | D:5      | Zeld the Draconian Delver began the quest for the Orb.
     0 | D:5      | Reached XP level 1. HP: 19/19 MP: 1/1
    51 | D:5      | Reached skill level 3 in Long Blades
    51 | D:5      | Reached XP level 2. HP: 19/26 MP: 2/2
    51 | D:5      | Reached XP level 3. HP: 23/31 MP: 3/3
   207 | D:5      | Found a white marble altar of Elyvilon.
   207 | D:5      | Found an ornate altar of the Wu Jian Council.
   277 | D:5      | Reached skill level 4 in Long Blades
   698 | D:5      | Reached XP level 4. HP: 23/38 MP: 4/4
   944 | D:5      | Reached skill level 5 in Long Blades
  1082 | D:5      | Found Suciu's Book Emporium.
  1113 | D:5      | Noticed a lemure
  1113 | D:5      | Noticed a lemure
  1114 | D:5      | Noticed a lemure
  1114 | D:5      | Noticed a lemure
  1116 | D:5      | Noticed Pikel
  1200 | D:4      | Found a staircase to the Ecumenical Temple.
  1205 | D:4      | Mangled by Pikel

Illustrated notes

Levels and vault maps discovered:
D:4:      layout_loops_ring, minmay_temple_entry_purple_smoke
D:5:      layout_basic, gammafunk_temple_overflow_elements, serial_shops,
          nicolae_shop_crystal, uniq_pikel

Skill      XL: |  1  2  3  4 |
---------------+-------------+-----
Long Blades    | 3 4 5 |  5.1
Fighting       | |  3.2
Dodging        | |  1.7
Stealth        | |  4.5

Action                   |  1- 3 |  4- 6 || total
-------------------------+-------+-------++-------
Melee: Falchion          |    26 |    23 ||    49
       Tailslap          |     7 |     3 ||    10
 Stab: Sleeping          |     1 |       ||     1
Armor: Skin              |     7 |     6 ||    13
Dodge: Dodged            |    12 |    10 ||    22
       Rpst.: Falchion   |     6 |     1 ||     7
